 Dungeon Crawl Stone Soup version bcrawl-1.19.1 (webtiles) character file.

Game seed: 7383552468611608298

1450 mahrnol the Destroyer (level 8, -5/41 HPs)
             Began as a Skeleton Conjurer on Dec 2, 2019.
             Slain by a slime creature (9 damage)
             ... on level 5 of the Dungeon.
             The game lasted 00:36:34 (7785 turns).

mahrnol the Destroyer (Skeleton Conjurer)           Turns: 7785, Time: 00:36:34

Health: -5/41      AC:  9    Str: 15      XL:     8   Next: 47%
Magic:  0/17       EV: 11    Int: 15 (16) God:
Gold:   268        SH:  0    Dex:  8 (9)  Spells: 9/19 levels left

rFire    . . .     SeeInvis +   p - +6 short sword
rCold    + . .     Gourm    .   (no shield)
rNeg     + + +     Faith    .   r - +4 ring mail of Xoza {rElec}
rPois    ∞         Spirit   +   (no helmet)
rElec    +         Reflect  .   (no cloak)
rCorr    .         Harm     .   (no gloves)
MR       +....                  (no boots)
Stlth    ++........             t - amulet of guardian spirit
HPRegen  0.13/turn              (no ring)
MPRegen  0.15/turn              n - ring of see invisible

@: no status effects
A: no food or potions, cold resistance 1, deterioration 1, negative energy
resistance 3, powered by death 1, torment resistance, unbreathing, magic shield,
sturdy frame 1, spell healing
a: no special abilities


You were on level 5 of the Dungeon.
You were not hungry.

You visited 2 branches of the dungeon, and saw 7 of its levels.

You collected 268 gold pieces.

Inventory:

Hand Weapons
 p - a +6 short sword (weapon)
Missiles
 d - 354 bolts
 e - 226 sling bullets
 i - a throwing net (quivered) {!f}
 j - 40 tomahawks
 k - 676 arrows
 l - 62 poisoned needles
Armour
 a - a +0 robe
 r - the +4 ring mail of Xoza (worn) {rElec}
   (You found it on level 4 of the Dungeon)

   It insulates you from electricity.
 s - the +1 ring mail "Opruqi" {Stlth+}
   (You found it on level 4 of the Dungeon)

   It makes you more stealthy.
Jewellery
 n - a ring of see invisible (right hand)
 t - an amulet of guardian spirit (around neck)
Wands
 q - a wand of random effects (9)
 u - a wand of iceblast (6)
Scrolls
 b - 11 scrolls of teleportation
 c - a scroll of enchant weapon
 g - a scroll of blinking
 h - a scroll of fog
 m - 5 scrolls of remove curse
 o - a scroll of enchant armour


   Skills:
 - Level 1.0 Armour
 - Level 2.0 Dodging
 + Level 4.6 Stealth
 + Level 6.4 Spellcasting
 + Level 10.2 Conjurations
 * Level 4.8 Hexes


You had 9 spell levels left.
You knew the following spells:

 Your Spells              Type           Power        Failure   Level  Hunger
a - Magic Dart            Conj           ####         1%          1    N/A
b - Searing Ray           Conj           #####.       1%          2    N/A
c - Iskenderun's Mystic   Conj           #####...     1%          3    N/A
d - Fulminant Prism       Conj/Hex       ####......   9%          4    N/A

Your spell library contained the following spells:

 Spells                   Type           Power        Failure   Level  Hunger
 Corona                   Hex            ###....      2%          1    N/A
 Dazzling Spray           Conj/Hex       ####..       2%          3    N/A
 Confuse                  Hex            ###.....     9%          3    N/A
 Tukima's Dance           Hex            ###.....     9%          3    N/A
 Ensorcelled Hibernation  Hex/Ice        ##....       11%         2    N/A
 Irradiate                Conj/Tmut      ###.......   54%         5    N/A

Dungeon Overview and Level Annotations

Branches:
Dungeon (6/12)             Temple (1/1) D:5

Altars:
Cheibriados
Dithmenos
Elyvilon
Fedhas
Gozag
Hepliaklqana
Kikubaaqudgha
Lugonu
Makhleb
Nemelex Xobeh
Okawaru
Qazlal
Ru
Trog
Uskayaw
Vehumet
Wu Jian
Xom
Yredelemnul
The Shining One

Annotations:
D:1 exclusion: downstairs
D:4 3 runed translucent doors, dscm's ghost, amateur OpAc


Innate Abilities, Weirdness & Mutations

You do not eat or drink.
You are immune to poison.
Your flesh is cold resistant. (rC+)
Your body sometimes deteriorates upon taking damage.
You are immune to negative energy. (rN+++)
You regenerate a little health from kills.
You are immune to unholy pain and torment.
You can survive without breathing.
When hurt, damage is shared between your health and your magic reserves.
Your movements are slightly less encumbered by armour. (ER -2)
Casting spells heals you.


Message History

Aiming: Magic Dart (safe; 1% risk of failure)
Press: ? - help, Shift-Dir - straight line, f/p - slime creature
Aim: a slime creature (heavily wounded)
The magic dart hits the slime creature.
The slime creature is severely wounded.
The slime creature hits you.
Casting: Magic Dart (safe; 1% risk of failure)
Confirm with . or Enter, or press ? or * to list all spells.
Aiming: Magic Dart (safe; 1% risk of failure)
Press: ? - help, Shift-Dir - straight line, f/p - slime creature
Aim: a slime creature (severely wounded)
The magic dart hits the slime creature.
The slime creature is severely wounded.
The slime creature hits you but does no damage.
You puncture the slime creature!
The slime creature is almost dead.
The slime creature hits you!
* * * LOW HITPOINT WARNING * * *
The slime creature hits you!
You die...

....%...#...#.#.# #.#.###..####
........#.###.#.# #.#..........
........#.....#.# #.#.###..####
........#..####.# #............
........#.....#†###########..####
........#.###.#.......#..........
######'##.# #.#######.#.####.###.
..........# #.#.....#.#.##..>..#.
......##### #.#.@J..#.#.##.#...#.
#####.# #.####..#.#....#..##) #.#
#.#<....#.######..... #.#
#.#..#..#..........## #.#
#.#.##..#########.... #.#
#.#.....#########.### #####.#
#.####.###........#
......#######.# #.# #.########
.#####........# #.# #.#


You could see a slime creature.

Vanquished Creatures
  2 sky beasts
  An ice beast (D:5)
  An ogre (D:5)
  A centaur (D:6)
  4 bullfrogs
  2 scorpions
  A howler monkey (D:4)
  3 crimson imps
  2 hounds (D:5)
  A bullfrog skeleton (D:6)
  An orc priest (D:5)
  An iguana (D:4)
  5 worker ants
  4 gnolls
  8 adders
  2 shadow imps
  An ooze (D:1)
  A worm (D:2)
  An adder skeleton (D:5)
  4 dart slugs
  9 leopard geckos
  3 orcs
  2 ball pythons (D:2)
  4 giant cockroaches
  6 goblins
  14 hobgoblins
  8 jackals
  7 kobolds
  4 quokkas
  5 bats
  7 frilled lizards
  3 rats
118 creatures vanquished.

Vanquished Creatures (others)
  3 fulminant prisms (D:5)
3 creatures vanquished.

Grand Total: 121 creatures vanquished

Notes
Turn   | Place    | Note
-------+----------+-------------------------------------------
     0 | D:1      | mahrnol the Skeleton Conjurer began the quest for the Orb.
     0 | D:1      | Reached XP level 1. HP: 10/10 MP: 4/4
    97 | D:1      | Reached skill level 5 in Conjurations
   175 | D:1      | Reached XP level 2. HP: 15/15 MP: 0/6
   179 | D:1      | Learned a level 2 spell: Searing Ray
   558 | D:1      | Reached XP level 3. HP: 19/19 MP: 5/8
  1388 | D:2      | Reached skill level 6 in Conjurations
  1626 | D:2      | Reached XP level 4. HP: 21/24 MP: 1/10
  1715 | D:2      | Found a shimmering altar of Xom.
  2645 | D:2      | Reached XP level 5. HP: 28/28 MP: 7/12
  2914 | D:3      | Learned a level 3 spell: Iskenderun's Mystic Blast
  2919 | D:3      | Learned a level 4 spell: Fulminant Prism
  3052 | D:3      | Found a stormy altar of Qazlal.
  3151 | D:3      | Found a hazy altar of Hepliaklqana.
  3688 | D:3      | Found a sacrificial altar of Ru.
  3836 | D:3      | Reached skill level 7 in Conjurations
  3836 | D:3      | Reached skill level 1 in Hexes
  4051 | D:4      | Gained mutation: You regenerate a little health from kills.
                  | [Skeleton growth]
  4051 | D:4      | Reached XP level 6. HP: 32/32 MP: 4/13
  4262 | D:4      | Found a runed translucent gate.
  4266 | D:4      | Found a runed translucent gate.
  4266 | D:4      | Found an opulent altar of Gozag.
  4342 | D:4      | Found a runed translucent gate.
  4360 | D:4      | Found the +10 Black Knight's horse barding {ponderous,
                  | rPois rN+}
  4468 | D:4      | Got a transparent ring mail
  4479 | D:4      | Identified the +4 ring mail of Xoza {rElec} (You found it
                  | on level 4 of the Dungeon)
  4530 | D:4      | Noticed a sky beast
  4540 | D:4      | Killed a sky beast
  4540 | D:4      | Reached skill level 8 in Conjurations
  4546 | D:4      | Got a warped ring mail
  4557 | D:4      | Identified the +1 ring mail "Opruqi" {Stlth+} (You found it
                  | on level 4 of the Dungeon)
  4569 | D:4      | Found a shimmering altar of Xom.
  4570 | D:4      | Found a shimmering altar of Xom.
  4572 | D:4      | Found a shimmering altar of Xom.
  4573 | D:4      | Found a shimmering altar of Xom.
  4573 | D:4      | Found a shimmering altar of Xom.
  4573 | D:4      | Found a shimmering altar of Xom.
  4728 | D:4      | Found a bloodstained altar of Trog.
  4975 | D:4      | Noticed dscm's ghost (amateur OpAc)
  5093 | D:5      | Entered Level 5 of the Dungeon
  5155 | D:5      | Reached XP level 7. HP: 36/36 MP: 9/14
  5332 | D:5      | Reached skill level 1 in Armour
  5332 | D:5      | Reached skill level 9 in Conjurations
  5624 | D:5      | Reached skill level 5 in Spellcasting
  5887 | D:5      | Found a staircase to the Ecumenical Temple.
  5896 | Temple   | Entered the Ecumenical Temple
  6127 | D:5      | Reached XP level 8. HP: 39/41 MP: 8/16
  6679 | D:6      | Noticed a slime creature
  6679 | D:6      | Noticed a slime creature
  6930 | D:6      | Reached skill level 10 in Conjurations
  6931 | D:6      | Noticed a two-headed ogre
  7439 | D:6      | Noticed a slime creature
  7439 | D:6      | Noticed a slime creature
  7446 | D:6      | Noticed a slime creature
  7785 | D:5      | Slain by a slime creature

Skill      XL: |  1  2  3  4  5  6  7  8 |
---------------+-------------------------+-----
Conjurations   | 5 6 7 8 9 10 | 10.2
Spellcasting   | 4 5 6 |  6.4
Stealth        | 3 4 |  4.6
Hexes          | 1 3 4 |  4.8
Armour         | 1 |  1.0
Dodging        | |  2.0

Action                   |  1- 3 |  4- 6 |  7- 9 || total
-------------------------+-------+-------+-------++-------
Melee: Short sword       |       |       |     5 ||     5
 Cast: Magic Dart        |    90 |    95 |    80 ||   265
       Searing Ray       |     5 |    16 |    23 ||    44
       Iskenderun's Myst |       |     3 |       ||     3
       Fulminant Prism   |       |       |     3 ||     3
  Use: Scroll            |     1 |     1 |     4 ||     6
Armor: Robe              |     4 |     2 |       ||     6
       Ring mail         |       |     2 |    25 ||    27
Dodge: Dodged            |     9 |    31 |    37 ||    77
